[ AOE2 MATCH · #507617609 ]
UnrankedVietnamese vs Aztecs
Player's team · LOSS
Rival team · WIN
[ REPLAY ANALYSIS · EXTRACTED FROM THE RECORDED GAME ]
Feudal
8:50
Castle
26:35
Imperial
—
| APM avg | 47.3 |
| APM peak | 115 |
| eAPM avg | 20.4 |
| Villagers / military | 84 / 82 |
Focus
⚔️ 28.9% · 🌾 71.1%
Fire Lancer ×65 · Battering Ram ×7 · Scout Cavalry ×6 · Militia ×3 · Mangonel ×1
Feudal
9:41
Castle
15:24
Imperial
36:28
| APM avg | 57.0 |
| APM peak | 93 |
| eAPM avg | 29.6 |
| Villagers / military | 132 / 44 |
Focus
⚔️ 24.8% · 🌾 75.2%
Jaguar Warrior ×26 · Monk ×15 · Mangonel ×3
Match map
Initial resources + every placement click. Lines = walls · curves = elevation contours. ◆ gold · ⬟ stone · ● berries · ✦ relic · ◌ wall gap
Your base· ✓ Closed at 26:35 · 33t walls · 4 gate(s)
3sigma's base· ✓ Closed at 15:24 · 44t walls · 1 gate(s)
Smoothed initial terrain · ◌ = detected wall gap · hover for details
Inputs per minute
— DS_MD - - 3sigma
Build order — DS_MD
First 150 of 229 actions detected
| 0:00 | Create | Villager (Male) |
| 0:01 | Create | Villager (Male) |
| 0:01 | Create | Villager (Male) |
| 0:02 | Build | House |
| 0:03 | Build | House |
| 0:16 | Create | Villager (Male) |
| 0:16 | Create | Villager (Male) |
| 1:29 | Create | Villager (Male) |
| 1:44 | Build | Lumber Camp |
| 1:59 | Create | Villager (Male) |
| 2:23 | Create | Villager (Male) |
| 2:23 | Create | Villager (Male) |
| 2:23 | Create | Villager (Male) |
| 3:16 | Create | Villager (Male) |
| 3:16 | Create | Villager (Male) |
| 3:16 | Create | Villager (Male) |
| 3:39 | Build | House |
| 4:34 | Create | Villager (Male) |
| 4:35 | Create | Villager (Male) |
| 4:55 | Create | Villager (Male) |
| 4:56 | Research | Loom |
| 5:02 | Build | Mining Camp |
| 6:40 | Research | Feudal Age |
| 7:59 | Create | Villager (Male) |
| 8:00 | Create | Villager (Male) |
| 8:01 | Create | Villager (Male) |
| 8:10 | Build | House |
| 8:26 | Build | Barracks |
| 8:31 | Create | Villager (Male) |
| 8:50 | Age | Feudal Age |
| 8:52 | Create | Militia |
| 9:01 | Build | Watch Tower |
| 9:09 | Create | Militia |
| 9:09 | Create | Militia |
| 9:44 | Create | Villager (Male) |
| 9:44 | Create | Villager (Male) |
| 9:47 | Build | House |
| 10:10 | Create | Villager (Male) |
| 10:15 | Build | House |
| 11:07 | Build | Watch Tower |
| 11:10 | Create | Villager (Male) |
| 11:46 | Build | Blacksmith |
| 11:49 | Create | Villager (Male) |
| 11:50 | Create | Villager (Male) |
| 12:11 | Research | Man-at-Arms (upgrade) |
| 12:30 | Create | Villager (Male) |
| 12:48 | Build | House |
| 12:54 | Create | Villager (Male) |
| 13:08 | Build | Mill |
| 13:59 | Create | Villager (Male) |
| 13:59 | Create | Villager (Male) |
| 14:21 | Create | Villager (Male) |
| 14:21 | Create | Villager (Male) |
| 14:36 | Build | Mining Camp |
| 14:58 | Build | Watch Tower |
| 15:06 | Create | Villager (Male) |
| 15:18 | Research | Fletching |
| 15:19 | Research | Fletching |
| 15:38 | Create | Villager (Male) |
| 15:38 | Create | Villager (Male) |
| 15:55 | Build | Stone Wall |
| 16:11 | Build | Farm |
| 16:15 | Build | House |
| 16:16 | Build | House |
| 16:19 | Create | Villager (Male) |
| 16:32 | Create | Villager (Male) |
| 16:53 | Create | Villager (Male) |
| 16:56 | Build | Farm |
| 17:00 | Research | Horse Collar |
| 17:10 | Create | Villager (Male) |
| 17:16 | Build | Farm |
| 17:36 | Create | Villager (Male) |
| 17:39 | Build | Farm |
| 17:48 | Build | House |
| 18:06 | Create | Villager (Male) |
| 18:07 | Create | Villager (Male) |
| 18:09 | Build | Farm |
| 18:17 | Build | Farm |
| 18:30 | Create | Villager (Male) |
| 18:43 | Create | Villager (Male) |
| 18:47 | Build | Farm |
| 19:08 | Create | Villager (Male) |
| 19:10 | Build | Farm |
| 19:14 | Build | House |
| 19:21 | Build | Farm |
| 19:42 | Build | Stone Wall |
| 19:45 | Create | Villager (Male) |
| 19:48 | Build | Farm |
| 19:49 | Build | Farm |
| 20:00 | Build | Farm |
| 20:06 | Build | Farm |
| 20:29 | Create | Villager (Male) |
| 20:31 | Build | Farm |
| 20:31 | Build | Farm |
| 20:49 | Build | Farm |
| 20:50 | Build | Farm |
| 21:07 | Create | Villager (Male) |
| 21:07 | Create | Villager (Male) |
| 21:11 | Build | Watch Tower |
| 21:20 | Build | Farm |
| 21:21 | Build | Farm |
| 21:34 | Create | Villager (Male) |
| 22:11 | Create | Villager (Male) |
| 22:14 | Build | Archery Range |
| 22:31 | Create | Villager (Male) |
| 22:58 | Build | Stable |
| 23:02 | Create | Villager (Male) |
| 23:10 | Build | Farm |
| 23:12 | Build | Farm |
| 23:23 | Create | Villager (Male) |
| 23:27 | Build | House |
| 23:36 | Build | Farm |
| 23:52 | Build | Stone Wall |
| 23:55 | Research | Castle Age |
| 23:55 | Research | Castle Age |
| 23:59 | Build | House |
| 24:15 | Create | Scout Cavalry |
| 24:25 | Build | Archery Range |
| 24:33 | Build | Barracks |
| 24:36 | Build | Barracks |
| 24:39 | Research | Scale Mail Armor |
| 24:39 | Research | Forging |
| 24:54 | Research | Gold Mining |
| 25:00 | Build | Lumber Camp |
| 25:25 | Build | House |
| 25:26 | Build | House |
| 25:41 | Create | Scout Cavalry |
| 26:01 | Research | Forging |
| 26:08 | Create | Villager (Male) |
| 26:11 | Build | Barracks |
| 26:35 | Age | Castle Age |
| 27:02 | Create | Villager (Male) |
| 27:05 | Create | Fire Lancer ×5 |
| 27:05 | Create | Fire Lancer ×5 |
| 27:05 | Create | Fire Lancer ×5 |
| 27:12 | Create | Villager (Male) |
| 27:12 | Create | Villager (Male) |
| 27:27 | Create | Villager (Male) |
| 27:30 | Build | House |
| 27:32 | Build | House |
| 27:40 | Build | Siege Workshop |
| 27:50 | Research | Chain Mail Armor |
| 28:12 | Build | House |
| 28:14 | Create | Battering Ram |
| 28:14 | Create | Battering Ram |
| 28:19 | Research | Squires |
| 28:20 | Create | Fire Lancer ×2 |
| 28:22 | Create | Villager (Male) |
| 28:34 | Research | Double-Bit Axe |
| 28:34 | Research | Double-Bit Axe |
Build order — 3sigma
First 150 of 385 actions detected
| 0:00 | Create | Villager (Male) |
| 0:01 | Create | Villager (Male) |
| 0:02 | Build | House |
| 0:03 | Build | House |
| 0:04 | Create | Villager (Male) |
| 0:05 | Create | Villager (Male) |
| 0:06 | Create | Villager (Male) |
| 1:26 | Create | Villager (Male) |
| 1:38 | Build | Lumber Camp |
| 2:00 | Create | Villager (Male) |
| 2:00 | Create | Villager (Male) |
| 2:19 | Create | Villager (Male) |
| 2:47 | Create | Villager (Male) |
| 2:48 | Create | Villager (Male) |
| 3:07 | Create | Villager (Male) |
| 3:27 | Build | House |
| 3:44 | Create | Villager (Male) |
| 3:44 | Create | Villager (Male) |
| 4:09 | Build | House |
| 4:21 | Create | Villager (Male) |
| 4:43 | Build | Palisade Wall |
| 4:44 | Build | Palisade Wall |
| 4:52 | Create | Villager (Male) |
| 4:58 | Create | Villager (Male) |
| 4:58 | Create | Villager (Male) |
| 5:04 | Create | Villager (Male) |
| 5:05 | Create | Villager (Male) |
| 5:30 | Build | Mill |
| 5:31 | Create | Villager (Male) |
| 6:22 | Create | Villager (Male) |
| 6:28 | Create | Villager (Male) |
| 6:32 | Create | Villager (Male) |
| 6:49 | Build | Palisade Wall |
| 7:28 | Research | Feudal Age |
| 8:05 | Build | Mining Camp |
| 9:14 | Build | Palisade Wall |
| 9:26 | Build | Palisade Wall |
| 9:32 | Build | Palisade Wall |
| 9:41 | Age | Feudal Age |
| 9:44 | Research | Loom |
| 9:45 | Create | Villager (Male) |
| 9:53 | Build | Market |
| 10:00 | Build | Watch Tower |
| 10:11 | Create | Villager (Male) |
| 10:30 | Build | Palisade Wall |
| 10:36 | Build | Palisade Wall |
| 10:41 | Build | House |
| 11:01 | Create | Villager (Male) |
| 11:02 | Create | Villager (Male) |
| 11:05 | Build | Blacksmith |
| 11:06 | Create | Villager (Male) |
| 11:09 | Create | Villager (Male) |
| 11:50 | Build | Palisade Wall |
| 12:20 | Research | Town Watch |
| 12:36 | Build | Palisade Wall |
| 12:44 | Research | Castle Age |
| 12:44 | Research | Castle Age |
| 13:41 | Build | Mining Camp |
| 13:57 | Build | House |
| 14:02 | Research | Double-Bit Axe |
| 14:27 | Build | House |
| 14:53 | Build | Stone Wall |
| 15:11 | Build | Stone Wall |
| 15:20 | Create | Villager (Male) |
| 15:24 | Age | Castle Age |
| 15:28 | Build | Monastery |
| 15:29 | Create | Villager (Male) |
| 15:47 | Build | Farm |
| 16:05 | Build | Siege Workshop |
| 16:16 | Create | Monk |
| 16:17 | Create | Monk |
| 16:18 | Create | Villager (Male) |
| 16:23 | Build | Gate |
| 16:41 | Create | Mangonel |
| 16:47 | Create | Villager (Male) |
| 16:48 | Build | Farm |
| 16:50 | Create | Villager (Male) |
| 17:19 | Build | Farm |
| 17:44 | Create | Mangonel |
| 17:44 | Create | Mangonel |
| 17:55 | Create | Villager (Male) |
| 17:56 | Create | Villager (Male) |
| 17:56 | Create | Villager (Male) |
| 18:09 | Build | Farm |
| 18:14 | Create | Villager (Male) |
| 18:21 | Build | Farm |
| 18:33 | Build | Farm |
| 18:37 | Build | House |
| 18:38 | Build | House |
| 18:38 | Build | House |
| 18:38 | Build | House |
| 18:39 | Build | House |
| 18:47 | Build | Farm |
| 18:53 | Create | Monk |
| 18:54 | Create | Monk |
| 19:13 | Create | Villager (Male) |
| 19:14 | Create | Monk |
| 19:15 | Create | Monk |
| 19:25 | Build | Farm |
| 19:36 | Build | Farm |
| 19:51 | Create | Villager (Male) |
| 19:53 | Build | Farm |
| 19:53 | Create | Villager (Male) |
| 19:53 | Create | Villager (Male) |
| 20:06 | Research | Sanctity |
| 20:06 | Research | Sanctity |
| 20:25 | Build | House |
| 20:26 | Create | Villager (Male) |
| 20:38 | Create | Villager (Male) |
| 20:43 | Create | Monk |
| 21:08 | Create | Villager (Male) |
| 21:15 | Build | Farm |
| 21:22 | Build | Monastery |
| 21:24 | Create | Monk |
| 21:44 | Create | Villager (Male) |
| 21:45 | Create | Villager (Male) |
| 21:49 | Create | Monk |
| 21:51 | Build | Town Center |
| 21:56 | Research | Fervor |
| 21:57 | Research | Fervor |
| 22:05 | Create | Villager (Male) |
| 22:11 | Build | Farm |
| 22:20 | Create | Monk |
| 22:20 | Create | Monk |
| 22:27 | Create | Villager (Male) |
| 22:38 | Build | Farm |
| 22:38 | Build | Farm |
| 22:39 | Build | Farm |
| 22:39 | Build | Farm |
| 22:39 | Build | Farm |
| 22:39 | Build | Farm |
| 22:40 | Build | Farm |
| 22:46 | Research | Bow Saw |
| 22:47 | Create | Villager (Male) |
| 23:01 | Create | Villager (Male) |
| 23:15 | Create | Villager (Male) |
| 23:27 | Build | Farm |
| 23:37 | Build | Outpost |
| 23:42 | Create | Monk |
| 23:43 | Create | Villager (Male) |
| 23:48 | Build | Farm |
| 23:49 | Build | Farm |
| 23:55 | Build | Outpost |
| 24:02 | Create | Villager (Male) |
| 24:15 | Create | Villager (Male) |
| 24:20 | Build | House |
| 24:22 | Build | House |
| 24:22 | Build | House |
| 24:23 | Build | House |
| 24:24 | Create | Villager (Male) |
Match timeline
| 4:43 | 3sigma · wall_segment Palisade Wall x1 |
| 4:44 | 3sigma · wall_segment Palisade Wall x1 |
| 6:49 | 3sigma · wall_segment Palisade Wall x6 |
| 8:26 | DS_MD · first_building Barracks |
| 8:50 | DS_MD · age_up feudal |
| 9:14 | 3sigma · wall_segment Palisade Wall x4 |
| 9:26 | 3sigma · wall_segment Palisade Wall x2 |
| 9:32 | 3sigma · wall_segment Palisade Wall x1 |
| 9:41 | 3sigma · age_up feudal |
| 10:30 | 3sigma · wall_segment Palisade Wall x1 |
| 10:36 | 3sigma · wall_segment Palisade Wall x3 |
| 11:50 | 3sigma · wall_segment Palisade Wall x13 |
| 12:05 | 3sigma · first_market_buy 100 food |
| 12:36 | 3sigma · wall_segment Palisade Wall x1 |
| 14:53 | 3sigma · wall_segment Stone Wall x5 |
| 15:11 | 3sigma · wall_segment Stone Wall x6 |
| 15:24 | 3sigma · age_up castle |
| 15:28 | 3sigma · first_building Monastery |
| 15:55 | DS_MD · wall_segment Stone Wall x1 |
| 16:05 | 3sigma · first_building Siege Workshop |
| 17:53 | 3sigma · first_market_sell 100 stone |
| 19:42 | DS_MD · wall_segment Stone Wall x24 |
| 22:14 | DS_MD · first_building Archery Range |
| 22:58 | DS_MD · first_building Stable |
| 23:52 | DS_MD · wall_segment Stone Wall x8 |
| 25:51 | 3sigma · wall_segment Stone Wall x23 |
| 26:35 | DS_MD · age_up castle |
| 27:27 | 3sigma · wall_segment Stone Wall x1 |
| 27:40 | DS_MD · first_building Siege Workshop |
| 28:43 | 3sigma · wall_segment Stone Wall x1 |
| 28:45 | 3sigma · wall_segment Stone Wall x19 |
| 30:30 | 3sigma · wall_segment Stone Wall x1 |
| 34:32 | 3sigma · wall_segment Stone Wall x21 |
| 34:40 | 3sigma · first_building Castle |
| 35:01 | 3sigma · wall_segment Stone Wall x3 |
| 35:48 | 3sigma · wall_segment Stone Wall x2 |
| 36:28 | 3sigma · age_up imperial |
| 37:04 | DS_MD · resign |
[ AI ANALYSIS · 1 CREDIT ]
What really happened in this match?
Wolo.gg analyzes every decision: build order, eco, micro, common mistakes by bracket. Personalized analysis on WhatsApp or Discord in 30 seconds.
Civ guide
Vietnamese
Perfil
Jugador #2457324